 Dungeon Crawl Stone Soup version 0.19.3-4-gbf9329e (webtiles) character file.

82564 esteth the Eclecticist (level 15, 0/89 HPs)
             Began as a Deep Elf Conjurer on Jan 29, 2017.
             Was the Champion of Vehumet.
             Hit by a stone thrown by a skeletal warrior (15 damage)
             ... led by a skeletal warrior
             ... on level 15 of the Dungeon.
             The game lasted 01:41:16 (24214 turns).

esteth the Eclecticist (Deep Elf Conjurer)         Turns: 24214, Time: 01:41:17

Health: 0/89       AC: 11    Str:  5    XL:     15   Next: 29%
Magic:  8/64       EV: 15    Int: 27    God:    Vehumet [******]
Gold:   1298       SH:  0    Dex: 15    Spells: 10 memorised, 6 levels left

rFire  . . .     SeeInvis +     B - staff of power
rCold  + . .     Gourm    .     t - +3 troll leather armour {Purgy}
rNeg   . . .     Faith    .     (no shield)
rPois  +         Spirit   .     w - +1 helmet {SInv}
rElec  .         Reflect  .     p - +1 cloak {rC+}
rCorr  .         Harm     .     (no gloves)
MR     +....                    (no boots)
Stlth  ++........               (no amulet)
                                K - ring of poison resistance
                                i - ring of magical power

@: very slightly contaminated
A: no striking features
a: Renounce Religion


You were on level 15 of the Dungeon.
You worshipped Vehumet.
Vehumet was exalted by your worship.
You were not hungry.

You visited 2 branches of the dungeon, and saw 21 of its levels.
You also visited: Ice Cave.

You collected 1512 gold pieces.
You spent 214 gold pieces at shops.

Inventory:

Armour
 p - a +1 cloak of cold resistance (worn)
 t - a +3 troll leather armour (worn) {Purgy}
 w - a +1 helmet of see invisible (worn)
Magical Staves
 B - an uncursed staff of power (weapon)
 U - an uncursed staff of fire
Jewellery
 i - a ring of magical power (left hand)
 C - an uncursed ring of protection from magic
 G - an uncursed ring of positive energy
 K - a ring of poison resistance (right hand)
Wands
 r - a wand of iceblast (4/15)
Scrolls
 a - 7 scrolls of magic mapping
 j - 6 scrolls of fog
 k - 2 scrolls of teleportation
 n - 2 scrolls of fear
 v - 13 scrolls of remove curse
 y - 5 scrolls of recharging
 M - 3 scrolls of enchant armour
 T - 3 scrolls of enchant weapon
 V - 2 scrolls of holy word
 W - a scroll of amnesia
 X - 3 scrolls of identify
Potions
 d - 2 potions of lignification
 e - 2 potions of beneficial mutation {unknown}
 f - 5 potions of curing
 l - 3 potions of heal wounds
 m - 2 potions of cure mutation
 q - 3 potions of haste
 s - 6 potions of flight
 z - 5 potions of might {unknown}
 F - 5 potions of degeneration {unknown}
 H - 6 potions of ambrosia {unknown}
 J - a potion of brilliance {unknown}
 N - a potion of invisibility {unknown}
 O - 2 potions of experience {unknown}
 R - a potion of resistance
 S - a potion of magic {unknown}
 Y - 3 potions of mutation {unknown}
Books
 b - a book of Conjurations

   Spells                             Type                      Level
   a - Magic Dart                     Conjuration                  1
   b - Searing Ray                    Conjuration                  2
   c - Dazzling Spray                 Conjuration/Hexes            3
   d - Fulminant Prism                Conjuration/Hexes            4
   e - Iskenderun's Mystic Blast      Conjuration                  4
   f - Iskenderun's Battlesphere      Conjuration/Charms           5
 u - a book of Summonings

   Spells                             Type                      Level
   a - Recall                         Summoning/Translocation      3
   b - Aura of Abjuration             Summoning                    5
   c - Summon Demon                   Summoning                    5
   d - Summon Forest                  Summoning/Translocation      5
   e - Summon Mana Viper              Hexes/Summoning              5
   f - Shadow Creatures               Summoning                    6
 P - a book of Spatial Translocations

   Spells                             Type                      Level
   a - Blink                          Translocation                2
   b - Shroud of Golubria             Charms/Translocation         2
   c - Lesser Beckoning               Translocation                3
   d - Portal Projectile              Translocation                3
   e - Teleport Other                 Translocation                3
   f - Passage of Golubria            Translocation                4
 Q - a book of Party Tricks

   Spells                             Type                      Level
   a - Summon Butterflies             Summoning                    1
   b - Apportation                    Translocation                1
   c - Lesser Beckoning               Translocation                3
   d - Tukima's Dance                 Hexes                        3
   e - Alistair's Intoxication        Transmutation/Poison         5
   f - Invisibility                   Hexes                        6
 Z - a book of Clouds

   Spells                             Type                      Level
   a - Mephitic Cloud                 Conjuration/Poison/Air       3
   b - Conjure Flame                  Conjuration/Fire             3
   c - Poisonous Cloud                Conjuration/Poison/Air       6
   d - Freezing Cloud                 Conjuration/Ice/Air          6
   e - Ring of Flames                 Charms/Fire                  7
Comestibles
 c - 7 bread rations
 g - 9 beef jerkies
 h - 8 meat rations
 o - 32 fruits
 I - 2 slices of pizza
 L - 15 royal jellies


   Skills:
 - Level 8.4 Fighting
 - Level 7.1 Dodging
 - Level 2.4 Stealth
 - Level 19.0 Spellcasting
 + Level 14.2 Conjurations
 - Level 4.7 Hexes
 - Level 9.4 Charms
 - Level 9.3 Summonings
 - Level 5.7 Ice Magic
 - Level 5.0 Air Magic
 - Level 8.0 Earth Magic


You had 6 spell levels left.
You knew the following spells:

 Your Spells              Type           Power        Failure   Level  Hunger
a - Iskenderun's Mystic   Conj           #######.     1%          4    None
b - Searing Ray           Conj           ######       0%          2    None
c - Fulminant Prism       Conj/Hex       ######....   1%          4    None
d - Iskenderun's Battles  Conj/Chrm      ######..     1%          5    None
e - Conjure Flame         Conj/Fire      ######..     1%          3    None
f - Blink                 Tloc           N/A          6%          2    None
g - Iron Shot             Conj/Erth      ######....   1%          6    ##.....
h - Freezing Cloud        Conj/Ice/Air   ######....   4%          6    ##.....
i - Spellforged Servitor  Conj/Summ      ######....   5%          7    ####...
j - Orb of Destruction    Conj           #######...   2%          7    ####...


Dungeon Overview and Level Annotations

Branches:
Dungeon (15/15)            Temple (0/1) D:7            Lair (6/6) D:9
 Shoals (0/4) Lair:3       Spider (0/4) Lair:4        Slime (0/5) Lair:6
    Orc (0/2) D:11         Vaults (0/5) D:13
 Depths: D:15

Altars:
Ashenzari
Dithmenos
Fedhas
Gozag
Hepliaklqana
Makhleb
Ru
Sif Muna
Vehumet
Xom
Zin
The Shining One
Beogh

Shops:
D:6 [   D:7 *   D:12 ?

Annotations:
D:10 exclusion: downstairs
Lair:1 exclusion: oklob plant
Lair:3 exclusion: oklob plant


Message History

You don't have enough magic to cast that spell.
Unknown command.
The skeletal warrior throws a stone.
The stone misses you.
You see here an arrow.
The skeletal warrior throws a stone.
The stone hits your battlesphere!!
The skeletal warrior throws a stone.
The stone barely misses your battlesphere.
The stone hits you!
* * * LOW HITPOINT WARNING * * *
You see here a stone.
Casting: Iron Shot
Confirm with . or Enter, or press ? or * to list all spells.
You can't see any susceptible monsters within range! (Use Z to cast anyway.)
Casting: Iron Shot
Confirm with . or Enter, or press ? or * to list all spells.
You can't see any susceptible monsters within range! (Use Z to cast anyway.)
The skeletal warrior throws a stone.
The stone hits your battlesphere!
Your battlesphere is destroyed!
The skeletal warrior throws a stone.
The stone hits you!
You die...

..<.....[............#
.....................#
.....................#
..######.............#######
. #...................#
#...................#
#.###...............# #§#
#....(..........#
#....@.(..z.....#
#..########))...# .§§.
#(....# §#.# #(....# §§
#)....# § #))#### #)§# #cc#
. #(.#


You could see a skeletal warrior.

Vanquished Creatures
  Rupert (D:13)
  A frost giant (IceCv)
  Snorg (D:10)
  Josephine (Lair:5)
  11 hydras
  Harold (Lair:2)
  A vault guard (D:13)
  4 centaur warriors
  Erica (D:9)
  3 death yaks (Lair:6)
  A queen ant (Lair:2)
  Nergalle (Lair:3)
  Urug (D:14)
  3 skeletal warriors
  Sonja (Lair:1)
  A wizard (D:13)
  An unseen horror (D:13)
  9 hill giants
  An orc knight (D:15)
  2 ugly things (D:12)
  2 cyclopes
  A wolf spider zombie (D:14)
  3 manticores
  2 sirens (Lair:3)
  8 black mambas
  An ice statue (IceCv)
  11 elephants
  18 spiny frogs
  A rime drake (Lair:6)
  An efreet (D:13)
  7 komodo dragons
  2 kobold demonologists
  3 meliai (Lair:5)
  A queen bee (Lair:5)
  2 trolls
  16 polar bears
  5 slime creatures
  3 dream sheep (Lair:6)
  2 two-headed ogres (D:14)
  10 blink frogs
  9 hippogriffs
  Sigmund (D:6)
  A centaur simulacrum (D:11)
  A redback (Lair:4)
  5 wraiths (Lair:5)
  A shadow (D:14)
  A water elemental (D:13)
  17 yaks
  5 wyverns
  3 basilisks
  A steam dragon (D:12)
  4 hungry ghosts
  4 vampire mosquitoes (D:14)
  Menkaure (D:4)
  2 mottled dragons (D:15)
  20 soldier ants
  15 water moccasins
  Duvessa (D:7)
  2 hell hounds (D:9)
  4 ice beasts
  6 porcupines
  Purgy (D:3)
  13 orc warriors
  2 sky beasts
  A black bear (D:10)
  4 phantoms
  2 necrophages
  14 wolves
  12 centaurs
  4 boggarts (D:14)
  4 ogres
  7 crocodiles
  4 big kobolds
  15 bullfrogs
  A gnoll sergeant (D:9)
  Dowan (D:7)
  8 scorpions
  34 killer bees
  6 wights
  An electric eel (D:13)
  A howler monkey (D:5)
  5 crimson imps
  3 centaur zombies
  Crazy Yiuf (D:7)
  2 bullfrog skeletons
  7 hounds
  8 jellies
  16 orc wizards
  9 orc priests
  4 centaur skeletons
  Jessica (D:2)
  Ijyb (D:2)
  4 iguanas
  29 worker ants
  A killer bee zombie (D:7)
  10 gnolls
  18 adders
  3 shadow imps
  12 white imps (Lair:5)
  3 oozes
  5 worms
  3 dart slugs
  9 leopard geckos
  61 orcs
  A ball python (D:3)
  9 bats
  3 giant cockroaches
  9 goblins
  11 hobgoblins
  11 jackals
  5 quokkas
  8 frilled lizards
  15 kobolds
  5 rats
  A fungus (Lair:6)
677 creatures vanquished.

Vanquished Creatures (collateral kills)
  Nessos (D:12)
  A manticore (D:12)
  A phantom (D:12)
  3 centaurs
  A worker ant (D:12)
7 creatures vanquished.

Vanquished Creatures (others)
  A hippogriff (Lair:6)
  36 fulminant prisms
  14 fungi
  7 plants
58 creatures vanquished.

Grand Total: 742 creatures vanquished

Notes
Turn   | Place    | Note
-------+----------+-------------------------------------------
     0 | D:1      | esteth the Deep Elf Conjurer began the quest for the Orb.
     0 | D:1      | Reached XP level 1. HP: 10/10 MP: 6/6
   157 | D:1      | Reached XP level 2. HP: 15/15 MP: 0/8
   343 | D:1      | Reached skill level 5 in Conjurations
   577 | D:1      | Reached XP level 3. HP: 19/19 MP: 6/9
   839 | D:2      | Found a glowing silver altar of Zin.
   841 | D:2      | Found a burning altar of Makhleb.
   844 | D:2      | Found a radiant altar of Vehumet.
   845 | D:2      | Found an opulent altar of Gozag.
   851 | D:2      | Became a worshipper of Vehumet
  1045 | D:2      | Noticed Jessica
  1048 | D:2      | Killed Jessica
  1048 | D:2      | Reached XP level 4. HP: 24/24 MP: 6/10
  1968 | D:3      | Found a shadowy altar of Dithmenos.
  1973 | D:3      | Reached * piety under Vehumet
  1973 | D:3      | Offered knowledge of Sting by Vehumet.
  2109 | D:3      | Learned a level 2 spell: Searing Ray
  2156 | D:3      | Reached XP level 5. HP: 28/28 MP: 1/11
  2227 | D:3      | Noticed Ijyb
  2309 | D:2      | Killed Ijyb
  2528 | D:3      | Learned a level 4 spell: Fulminant Prism
  2552 | D:3      | Noticed Purgy
  2561 | D:3      | Killed Purgy
  2561 | D:3      | Reached XP level 6. HP: 29/32 MP: 4/12
  3053 | D:4      | Reached skill level 4 in Spellcasting
  3078 | D:4      | Learned a level 5 spell: Iskenderun's Battlesphere
  3171 | D:4      | Reached skill level 1 in Hexes
  3172 | D:4      | Noticed Menkaure
  3178 | D:4      | Killed Menkaure
  3178 | D:4      | Reached XP level 7. HP: 20/36 MP: 8/16
  3257 | D:4      | Reached ** piety under Vehumet
  3258 | D:4      | Offered knowledge of Freeze by Vehumet.
  3308 | D:5      | Entered Level 5 of the Dungeon
  3314 | D:5      | HP: 1/36 [scorpion (8)]
  3884 | D:4      | Found a glowing golden altar of the Shining One.
  4091 | D:5      | Reached skill level 5 in Charms
  4332 | D:5      | Offered knowledge of Static Discharge by Vehumet.
  4439 | D:5      | Reached XP level 8. HP: 25/41 MP: 11/17
  5432 | D:6      | Found Qopunarr's Armour Boutique.
  5447 | D:6      | Bought a +1 helmet of see invisible for 214 gold pieces
  5463 | D:6      | Found a sacrificial altar of Ru.
  5560 | D:6      | Noticed Sigmund
  5809 | D:6      | Reached skill level 5 in Spellcasting
  5910 | D:6      | Killed Sigmund
  5910 | D:6      | Reached skill level 6 in Spellcasting
  6042 | D:6      | Reached skill level 7 in Spellcasting
  6265 | D:7      | Found a hazy altar of Hepliaklqana.
  6397 | D:7      | Found Vaic's General Store.
  6440 | D:7      | Found a runed door.
  6505 | D:7      | Noticed Crazy Yiuf
  6508 | D:7      | Killed Crazy Yiuf
  6508 | D:7      | Reached *** piety under Vehumet
  6558 | D:7      | Reached skill level 8 in Spellcasting
  6583 | D:7      | Noticed Dowan
  6593 | D:7      | Noticed Duvessa
  6599 | D:7      | Killed Dowan
  6605 | D:7      | Killed Duvessa
  6605 | D:7      | Reached XP level 9. HP: 27/45 MP: 20/23
  6736 | D:7      | Found a shimmering altar of Xom.
  6742 | D:7      | Reached skill level 9 in Spellcasting
  6879 | D:7      | Found a shattered altar of Ashenzari.
  7038 | D:7      | Found a staircase to the Ecumenical Temple.
  7244 | D:8      | Offered knowledge of Conjure Flame by Vehumet.
  7330 | D:8      | Learned a level 3 spell: Conjure Flame
  7380 | D:8      | Reached skill level 10 in Spellcasting
  7432 | D:8      | Found a blossoming altar of Fedhas.
  7665 | D:8      | Found a runed door.
  7705 | D:8      | Reached skill level 5 in Dodging
  7719 | D:8      | Reached **** piety under Vehumet
  7890 | D:8      | Found a roughly hewn altar of Beogh.
  8021 | D:8      | Offered knowledge of Throw Icicle by Vehumet.
  8135 | D:8      | Found a deep blue altar of Sif Muna.
  8154 | D:8      | Reached skill level 11 in Spellcasting
  8680 | D:8      | Reached XP level 10. HP: 50/50 MP: 27/27
  8850 | D:9      | Reached skill level 12 in Spellcasting
  8852 | D:9      | Noticed Erica
  8859 | D:9      | Killed Erica
  9093 | D:9      | Reached skill level 13 in Spellcasting
  9164 | D:9      | Found a staircase to the Lair.
  9473 | D:9      | Reached skill level 14 in Spellcasting
  9683 | D:10     | Entered Level 10 of the Dungeon
  9685 | D:10     | Reached ***** piety under Vehumet
  9691 | D:10     | Offered knowledge of Conjure Ball Lightning by Vehumet.
  9901 | D:10     | Noticed a hill giant
  9909 | D:10     | Killed a hill giant
  9909 | D:10     | Reached skill level 15 in Spellcasting
 10244 | D:10     | Noticed Snorg
 10258 | D:10     | Killed Snorg
 10258 | D:10     | Reached XP level 11. HP: 28/54 MP: 32/32
 10395 | D:10     | Reached skill level 1 in Fighting
 10569 | D:10     | Found a shattered altar of Ashenzari.
 10616 | Lair:1   | Entered Level 1 of the Lair of Beasts
 10953 | Lair:1   | Noticed Sonja
 10957 | Lair:1   | Killed Sonja
 11145 | Lair:1   | Noticed a seven-headed hydra
 11151 | Lair:1   | Killed a seven-headed hydra
 11151 | Lair:1   | Reached skill level 5 in Fighting
 11241 | Lair:1   | Learned a level 2 spell: Blink
 11265 | Lair:1   | Found a radiant altar of Vehumet.
 11265 | Lair:1   | Noticed an oklob plant
 11781 | Lair:2   | Noticed Harold
 11792 | Lair:2   | Killed Harold
 11935 | Lair:2   | Offered knowledge of Iron Shot by Vehumet.
 11944 | Lair:2   | Reached XP level 12. HP: 74/74 MP: 28/33
 11952 | Lair:2   | Learned a level 6 spell: Iron Shot
 12020 | Lair:2   | Reached skill level 1 in Earth Magic
 12272 | Lair:2   | Reached skill level 5 in Earth Magic
 12413 | Lair:2   | Noticed a queen ant
 12649 | Lair:2   | Killed a queen ant
 13566 | Lair:3   | Noticed a four-headed hydra
 13689 | Lair:3   | Killed a four-headed hydra
 13710 | Lair:3   | Noticed Nergalle
 13718 | Lair:3   | Killed Nergalle
 13851 | Lair:3   | Reached skill level 10 in Conjurations
 13923 | Lair:3   | Found a staircase to the Shoals.
 14245 | Lair:4   | Reached skill level 16 in Spellcasting
 14475 | Lair:4   | Noticed a six-headed hydra
 14484 | Lair:4   | Killed a six-headed hydra
 14540 | Lair:4   | Noticed a four-headed hydra
 14551 | Lair:4   | Killed a four-headed hydra
 14551 | Lair:4   | Reached XP level 13. HP: 79/79 MP: 35/35
 14585 | Lair:4   | Found a hole to the Spider Nest.
 15066 | Lair:4   | Learned a level 6 spell: Freezing Cloud
 15133 | Lair:5   | Reached skill level 17 in Spellcasting
 15430 | Lair:5   | Offered knowledge of Spellforged Servitor by Vehumet.
 15439 | Lair:5   | Learned a level 7 spell: Spellforged Servitor
 15521 | Lair:5   | Found a frozen archway.
 15528 | Lair:5   | Reached skill level 1 in Ice Magic
 15549 | IceCv    | Entered an ice cave
 15552 | IceCv    | Reached skill level 1 in Air Magic
 16281 | IceCv    | Noticed a frost giant
 16302 | IceCv    | Killed a frost giant
 16302 | IceCv    | Reached skill level 5 in Ice Magic
 16766 | Lair:5   | Reached skill level 5 in Air Magic
 16855 | Lair:5   | Reached skill level 1 in Summonings
 17123 | Lair:5   | Noticed Josephine
 17127 | Lair:5   | Killed Josephine
 17127 | Lair:5   | Offered knowledge of Fireball by Vehumet.
 17367 | Lair:6   | Entered Level 6 of the Lair of Beasts
 17787 | Lair:6   | Reached skill level 5 in Summonings
 17963 | Lair:6   | Found a staircase to the Slime Pits.
 18047 | Lair:6   | Reached XP level 14. HP: 84/84 MP: 37/37
 19293 | D:11     | Offered knowledge of Orb of Destruction by Vehumet.
 19305 | D:11     | Learned a level 7 spell: Orb of Destruction
 19878 | D:11     | Found a staircase to the Orcish Mines.
 19884 | D:11     | Found a roughly hewn altar of Beogh.
 20639 | D:12     | Learned a level 4 spell: Iskenderun's Mystic Blast
 20710 | D:12     | Reached skill level 18 in Spellcasting
 21307 | D:12     | Found Boikh's Magic Scroll Emporium.
 21372 | D:12     | Noticed Nessos
 21383 | D:12     | Killed Nessos
 21962 | D:13     | Noticed Rupert
 21989 | D:13     | Killed Rupert
 21989 | D:13     | Reached skill level 19 in Spellcasting
 22002 | D:13     | Found a gate to the Vaults.
 22228 | D:13     | Reached ****** piety under Vehumet
 22728 | D:14     | Noticed Urug
 22729 | D:14     | Killed Urug
 22729 | D:14     | Reached XP level 15. HP: 89/89 MP: 40/40
 23128 | D:14     | Offered knowledge of Poison Arrow by Vehumet.
 23379 | D:14     | Found a glowing golden altar of the Shining One.
 23589 | D:14     | You fall through a shaft!
 23589 | D:15     | Entered Level 15 of the Dungeon
 24214 | D:15     | Hit by a stone thrown by a skeletal warrior

Skill      XL: |  1  2  3  4  5  6  7  8  9 10 11 12 13 14 15 |
---------------+----------------------------------------------+-----
Conjurations   | 5 6 8 10 12 14 | 14.2
Spellcasting   | 4 8 11 15 16 17 19 | 19.0
Hexes          | 3 4 |  4.7
Charms         | 6 9 |  9.4
Dodging        | 7 |  7.1
Fighting       | 8 |  8.4
Earth Magic    | 8 |  8.0
Ice Magic      | 5 |  5.7
Air Magic      | 5 |  5.0
Summonings     | 6 9 |  9.3
Stealth        | |  2.4

Action                   |  1- 3 |  4- 6 |  7- 9 | 10-12 | 13-15 || total
-------------------------+-------+-------+-------+-------+-------++-------
Melee: Unarmed           |       |     3 |     2 |       |       ||     5
       Scythe            |       |       |    12 |       |       ||    12
       Staff             |       |       |       |       |     3 ||     3
 Cast: Magic Dart        |    56 |   108 |   304 |   487 |   488 ||  1443
       Searing Ray       |       |     9 |    27 |     4 |     4 ||    44
       Fulminant Prism   |       |       |    11 |    12 |    13 ||    36
       Iskenderun's Batt |       |       |    17 |    82 |   115 ||   214
       Blink             |       |       |       |     6 |    18 ||    24
       Iron Shot         |       |       |       |     9 |    55 ||    64
       Freezing Cloud    |       |       |       |       |    26 ||    26
       Iskenderun's Myst |       |       |       |       |   135 ||   135
       Orb of Destructio |       |       |       |       |    17 ||    17
       Spellforged Servi |       |       |       |       |     7 ||     7
  Use: Scroll            |       |       |    20 |     8 |     6 ||    34
       Potion            |       |       |     5 |     1 |     2 ||     8
  Eat: Chunk             |       |     7 |     7 |    15 |    28 ||    57
       Bread ration      |       |       |     3 |     2 |     2 ||     7
       Fruit             |       |       |       |     1 |     2 ||     3
Armor: Robe              |     1 |     3 |       |       |       ||     4
       Troll leather arm |       |     1 |    34 |    33 |    74 ||   142
Dodge: Dodged            |     7 |    17 |    78 |    90 |   227 ||   419
